Map: Submarine LE

Players

A.I. 1 (Medium)

  • Race: Terran Terran
  • Spawn Location: 5:00

Lambo - Winner!

  • Race: Zerg Zerg
  • League: Master
  • Spawn Location: 11:00

VOD

https://www.youtube.com/watch?v=ys8PTH2_51M

Description

5 Roach early pressure
Can win you the game immediately

Time

  • Played on: Jan. 1, 2021, 9:34 a.m.
  • Length: 8:28
Show
View Real Time Build Order
Export as new Build Order

A.I. 1 (Medium) Terran 

Build Orders:  

Get SALT Encoding   

  12  0:00  SCV  
  13  0:13  SCV  
  14  0:19  Supply Depot  
  14  0:25  SCV  
  15  0:40  SCV  
  15  0:41  Barracks  
  16  0:52  SCV  
  17  1:04  SCV  
  18  1:16  Command Center  
  18  1:28  Orbital Command  
  18  1:29  Marine  
  19  1:38  Supply Depot  
  19  1:44  Refinery  
  19  1:47  Marine  
  20  1:54  SCV  
  20  2:00  Barracks  
  21  2:05  Refinery  
  21  2:07  SCV  
  22  2:16  Marine  
  22  2:19  SCV  
  24  2:25  Supply Depot  
  24  2:35  Barracks Tech Lab, SCV  
  25  2:46  Marine  
  25  2:49  SCV  
  27  2:52  SCV  
  27  2:53  Marine  
  29  3:03  Refinery  
  28  3:05  Barracks Tech Lab  
  28  3:09  Factory  
  28  3:12  Marauder  
  26  3:24  Marine  
  26  3:26  SCV  
  27  3:29  SCV  
  25  3:36  Factory  
  25  3:38  SCV  
  20  3:41  Marine, SCV  
  20  3:49  Marine  
  20  3:50  SCV  
  22  3:57  SCV  
  22  3:59  Marine  
  22  4:00  Factory Tech Lab  
  24  4:06  SCV  
  24  4:07  Marauder  
  24  4:09  SCV  
  28  4:17  Marine  
  28  4:18  SCV  
  28  4:19  Factory Tech Lab  
  28  4:22  SCV  
  31  4:30  Reaper, SCV  
  33  4:34  SCV  
  34  4:42  SCV  
  35  4:46  SCV  
  35  4:47  Marine  
  37  4:55  SCV  
  37  4:58  SCV  
  39  5:05  Siege Tank  
  43  5:07  SCV  
  43  5:13  Supply Depot, SCV  
  44  5:19  SCV  
  45  5:23  Marine  
  45  5:25  SCV  
  46  5:31  SCV  
  47  5:37  SCV  
  47  5:38  Supply Depot  
  47  5:41  Marine  
  49  5:43  SCV  
  49  5:49  SCV  
  51  5:55  Refinery  
  51  5:59  Marine  
  51  6:00  SCV  
  51  6:02  Supply Depot  
  51  6:03  SCV  
  54  6:11  Starport  
  53  6:12  SCV  
  53  6:17  Marauder  
  53  6:18  SCV  
  57  6:24  SCV  
  58  6:26  Supply Depot  
  58  6:30  SCV  
  55  6:35  Reaper  
  55  6:36  SCV  
  57  6:42  SCV  
  58  6:47  Starport Tech Lab  
  58  6:48  SCV  
  58  6:50  Engineering Bay  
  58  6:52  Supply Depot  
  58  6:53  Siege Tank  
  62  6:54  SCV  
  62  7:00  SCV  
  63  7:06  SCV  
  63  7:07  Raven  
  66  7:11  Cyclone  
  66  7:12  SCV  
  70  7:18  Missile Turret, SCV  
  71  7:22  Sensor Tower  
  71  7:24  Missile Turret, SCV  
  71  7:26  Armory  
  71  7:28  Missile Turret, Reaper  
  73  7:31  Barracks  
  73  7:33  Missile Turret  
  73  7:47  Marauder  
  61  7:58  Hellion  
  60  8:02  SCV  
  60  8:05  Hellion, SCV  
  31  8:14  SCV  
Show
View Real Time Build Order
Export as new Build Order

Lambo Zerg - Winner!

Build Orders: Pool First 

Get SALT Encoding   

  12  0:00  Drone  
  13  0:12  Overlord  
  13  0:17  Drone  
  14  0:31  Drone x2  
  16  0:40  Spawning Pool  
  15  0:43  Drone  
  15  0:47  Drone  
  17  1:08  Hatchery  
  17  1:10  Drone  
  17  1:13  Extractor  
  17  1:15  Drone  
  17  1:27  Zergling x2  
  17  1:28  Zergling x2  
  19  1:33  Roach Warren  
  19  1:39  Drone  
  19  1:46  Queen  
  21  1:54  Overlord  
  21  2:13  Roach x2  
  25  2:20  Roach  
  25  2:22  Roach  
  29  2:31  Roach  
  29  2:32  Queen  
  33  2:39  Overlord  
  33  2:45  Drone  
  33  2:47  Drone  
  35  2:52  Ravager  
  37  2:58  Drone  
  37  3:00  Drone x2  
  39  3:07  Overlord  
  39  3:10  Drone  
  40  3:14  Drone  
  40  3:16  Drone  
  42  3:23  Overlord  
  42  3:25  Drone  
  43  3:30  Metabolic Boost  
  43  3:33  Drone  
  44  3:38  Drone  
  45  3:43  Drone x3  
  45  3:45  Drone  
  49  3:49  Drone  
  50  4:00  Hatchery  
  50  4:02  Drone  
  50  4:05  Drone  
  50  4:09  Queen  
  51  4:14  Drone x3  
  51  4:16  Extractor  
  55  4:18  Overlord  
  55  4:22  Drone  
  55  4:23  Drone  
  57  4:27  Overlord  
  57  4:31  Queen  
  57  4:34  Drone  
  60  4:41  Overlord  
  60  4:43  Drone x3  
  60  4:44  Drone x2  
  65  4:50  Zergling x6  
  68  4:54  Zergling x2  
  68  4:57  Lair  
  68  4:58  Drone  
  70  5:04  Drone  
  70  5:07  Drone x3  
  73  5:12  Queen  
  73  5:13  Overlord  
  76  5:18  Evolution Chamber, Drone  
  76  5:20  Evolution Chamber, Drone  
  76  5:22  Extractor  
  76  5:23  Drone  
  76  5:24  Drone  
  76  5:26  Drone x2  
  76  5:27  Drone  
  80  5:31  Extractor  
  80  5:33  Overlord  
  80  5:34  Drone  
  80  5:35  Drone  
  80  5:46  Drone  
  80  5:49  Zergling x8, Zerg Missile Weapons Level 1, Zerg Ground Armor Level 1  
  85  5:52  Drone x3  
  85  5:55  Drone, Glial Reconstitution  
  89  5:58  Overseer  
  89  5:59  Drone x2  
  89  6:00  Drone x2  
  89  6:03  Extractor  
  92  6:04  Extractor, Overlord  
  92  6:09  Drone  
  92  6:13  Drone x2  
  94  6:19  Drone  
  94  6:24  Drone  
  94  6:25  Drone  
  96  6:28  Overlord  
  96  6:29  Roach x6  
  96  6:30  Roach x2  
  110  6:35  Roach  
  112  6:42  Hatchery, Overlord  
  112  6:43  Overlord, Ravager  
  112  6:48  Roach x2  
  112  6:49  Roach  
  112  6:53  Roach x2  
  122  6:55  Overlord  
  122  6:59  Overlord  
  122  7:02  Overlord  
  122  7:03  Roach  
  122  7:04  Roach x2  
  122  7:06  Roach  
  122  7:07  Ravager x2  
  122  7:08  Ravager x2  
  134  7:10  Roach  
  134  7:14  Roach x3  
  142  7:18  Roach x2  
  142  7:22  Overlord  
  146  7:24  Roach  
  146  7:25  Roach x2  
  146  7:28  Roach x2  
  156  7:32  Roach x2  
  156  7:34  Overlord  
  156  7:35  Overseer  
  156  7:36  Overlord  
  160  7:37  Ravager x2  
  160  7:41  Roach x2  
  165  7:46  Roach x3  
  165  7:49  Overlord  
  169  7:54  Roach  
  169  7:55  Roach x3  
  169  7:57  Roach x2  
  180  8:01  Roach x2  
  180  8:04  Roach x2  
  188  8:07  Roach  
  198  8:23  Baneling Nest  
Tags
 
League
Master
Matchup
TvZ
Opening
Pool First
Player
Lambo
Spawn Locations
Cross Positions
Add a new tag
Caveats
  • Supply blocks, unpowered buildings, or Contaminate may cause inaccurate times.
  • Supply counts are checked every 10 seconds.